 Dungeon Crawl Stone Soup version 0.25-a0-346-g140ab784a8 (webtiles) character file.

Game seed: 12105273376710825604, levelgen mode: deterministic

317 Lanoc the Ruffian (level 6, 0/51 HPs)
             Began as a Minotaur Transmuter on Dec 31, 2019.
             Was an Initiate of Wu Jian.
             Succumbed to a kobold's poison
             ... in a sewer.
             The game lasted 00:07:06 (2310 turns).

Lanoc the Ruffian (Minotaur Transmuter)             Turns: 2310, Time: 00:07:07

Health: 0/51       AC:  2    Str: 16    XL:     6   Next: 20%
Magic:  6/7        EV: 18    Int: 11    God:    Wu Jian [......]
Gold:   71         SH:  5    Dex: 15    Spells: 4/7 levels left

rFire    . . .     SeeInvis .     - Unarmed
rCold    . . .     Gourm    .   h - +1 buckler
rNeg     . . .     Faith    .   b - +0 robe
rPois    .         Spirit   .   (helmet restricted)
rElec    .         Reflect  .   (no cloak)
rCorr    .         Harm     .   (no gloves)
MR       .....                  (no boots)
Stlth    +.........             (no amulet)
HPRegen  0.17/turn              (no ring)
MPRegen  0.10/turn              (no ring)

@: agile, lethally poisoned (0 -> -4), very slightly contaminated, invisible,
very slow
A: retaliatory headbutt, horns 2
a: Renounce Religion


You were in a sewer.
You worshipped Wu Jian.
Wu Jian was noncommittal.
You were hungry.

You visited 2 branches of the dungeon, and saw 5 of its levels.
You also visited: Sewer.

You collected 71 gold pieces.

Inventory:

Missiles
 a - 64 arrows
Armour
 b - a +0 robe (worn)
 h - a +1 buckler (worn)
Wands
 j - a wand of random effects (9)
 s - a wand of disintegration (8)
Potions
 e - a potion of invisibility
 m - a potion of mutation
 t - a potion of magic
 u - a potion of flight
Comestibles
 d - 5 rations


   Skills:
 + Level 3.0 Fighting
 + Level 3.3 Dodging
 + Level 2.1 Shields
 * Level 5.0 Unarmed Combat
 - Level 1.3 Spellcasting
 * Level 3.2 Transmutations


You had 4 spell levels left.
You knew the following spells:

 Your Spells              Type           Power        Failure   Level  Hunger
a - Beastly Appendage     Tmut           #.....       11%         1    ##.....
b - Sticks to Snakes      Tmut           #.......     16%         2    ###....

Your spell library contained the following spells:

 Spells                   Type           Power        Failure   Level  Hunger
 Spider Form              Tmut/Pois      #.........   52%         3    ####...
 Ice Form                 Ice/Tmut       #.......     90%         4    #####..
 Blade Hands              Tmut           #.........   96%         5    ######.


Dungeon Overview and Level Annotations

Branches:
Dungeon (4/15)             Temple (1/1) D:4           Sewer (1/1)

Altars:
Ashenzari
Cheibriados
Dithmenos
Elyvilon
Fedhas
Gozag
Hepliaklqana
Makhleb
Okawaru
Ru
Sif Muna
Trog
Uskayaw
Vehumet
Wu Jian
Xom
Yredelemnul
Zin
The Shining One

Shops:
D:4 ?

Annotations:
D:3 Grinder
D:4 1 transporter


Innate Abilities, Weirdness & Mutations

You reflexively headbutt those who attack you in melee.
You have a pair of horns on your head.


Message History

You hit the kobold. Your headbutt misses the kobold.
The kobold is moderately wounded.
* * * LOW HITPOINT WARNING * * *
You feel sick. The kobold closely misses you.
The kobold throws a poisoned dart.
The poisoned dart misses you.
You hit the kobold.
You kill the kobold!
The Council accepts your kill.
You hear a splash.
* * * LOW HITPOINT WARNING * * *
You feel sick.
The kobold throws a poisoned dart.
You block the poisoned dart.
* * * LOW HITPOINT WARNING * * *
You feel sick.
The kobold throws a poisoned dart.
Okay, then.
Okay, then.
You enter the shallow water.
Moving in this stuff is going to be slow. ...and don't expect to remain undetected.
Your talons disappear.
You die...

### #∩# ############
###.###..≈...≈≈..#
######......≈...≈≈≈≈..# .
###≈≈≈≈≈≈≈≈≈≈≈≈≈≈≈≈≈≈≈≈.#..
≈≈≈≈≈≈≈≈≈≈≈≈≈≈≈≈≈≈≈≈≈≈≈≈...
#≈≈≈≈≈≈≈≈≈≈≈≈≈≈≈≈≈≈≈≈≈.#
#######......≈≈.≈)(K≈≈≈#
#######.@≈()†..≈.#
##≈######### #≈# #≈# #≈#
#≈# #≈# #≈# #≈#


You could see a kobold.

Vanquished Creatures
  An ogre (D:4)
  A big kobold (Sewer)
  A worker ant (D:4)
  6 adders
  A river rat (Sewer)
  An ooze (D:1)
  A worm (D:4)
  6 leopard geckos
  3 orcs
  A ball python (D:3)
  3 giant cockroaches
  8 goblins
  8 hobgoblins
  4 jackals
  2 quokkas
  3 bats
  5 frilled lizards
  A jackal skeleton (D:2)
  7 kobolds
  5 rats
68 creatures vanquished.

Notes
Turn   | Place    | Note
-------+----------+-------------------------------------------
     0 | D:1      | Lanoc the Minotaur Transmuter began the quest for the Orb.
     0 | D:1      | Reached XP level 1. HP: 16/16 MP: 1/1
   104 | D:1      | Reached XP level 2. HP: 16/23 MP: 3/3
   603 | D:2      | Reached XP level 3. HP: 29/29 MP: 2/4
   703 | D:2      | Reached skill level 4 in Unarmed Combat
   889 | D:2      | Found a glowing silver altar of Zin.
   897 | D:2      | Found an iron altar of Okawaru.
   911 | D:2      | Found a shimmering blue altar of Sif Muna.
   914 | D:2      | Found a sacrificial altar of Ru.
  1214 | D:2      | Became a worshipper of Ru the Awakened
  1261 | D:3      | Reached XP level 4. HP: 36/36 MP: 3/5
  1471 | D:3      | Reached skill level 1 in Shields
  1477 | D:3      | Noticed Grinder
  1493 | D:3      | Paralysed by Grinder for 2 turns
  1531 | D:4      | Learned a level 2 spell: Sticks to Snakes
  1628 | D:4      | Found a transporter.
  1680 | D:4      | Found a staircase to the Ecumenical Temple.
  1688 | Temple   | Entered the Ecumenical Temple
  1769 | Temple   | Fell from the grace of Ru
  1769 | Temple   | Became a worshipper of the Wu Jian Council
  1820 | D:4      | Found Ukanir's Magic Scroll Emporium.
  1846 | D:4      | Found a hide-covered altar of Uskayaw.
  1848 | D:4      | Noticed an ogre
  1870 | D:4      | Killed an ogre
  1870 | D:4      | Reached XP level 5. HP: 28/42 MP: 2/6
  1935 | D:4      | Found a glowing drain.
  1960 | Sewer    | Entered a sewer
  2305 | Sewer    | Reached skill level 5 in Unarmed Combat
  2305 | Sewer    | Reached XP level 6. HP: 3/51 MP: 5/7
  2308 | Sewer    | HP: 2/51 [poisoned by a kobold]
  2310 | Sewer    | Succumbed to a kobold's poison

Levels and vault maps discovered:
D:1:      dpeg_arrival_water_fire, layout_basic
D:2:      layout_rooms, grunt_temple_overflow_cloverleaf, serial_bayou_pond_a
D:3:      layout_loops_ring, nemelex_xobeh_ov_fountains_minmay, uniq_grinder
D:4:      layout_loops_cross, eat_drink_and_be_merry_uskayaw,
          minmay_temple_entry_stoned_glass, gammafunk_ghost_gnarly_gnolls,
          serial_shops, nicolae_shop_behind_doors, portal_sewer_entry_f
Temple:   regret_index_temple_waves
Sewer:    sewer_kobolds

Skill      XL: |  1  2  3  4  5 |
---------------+----------------+-----
Transmutations | 2 3 |  3.2
Unarmed Combat | 4 5 |  5.0
Fighting       | 2 3 |  3.0
Shields        | 1 2 |  2.1
Dodging        | 3 |  3.3
Spellcasting   | |  1.3

Action                   |  1- 3 |  4- 6 || total
-------------------------+-------+-------++-------
Melee: Unarmed           |    85 |    99 ||   184
       Headbutt          |    10 |    12 ||    22
       Kick              |     8 |    15 ||    23
Throw: Dart              |       |     3 ||     3
 Cast: Beastly Appendage |    11 |    14 ||    25
       Sticks to Snakes  |       |     2 ||     2
  Use: Potion            |     1 |     4 ||     5
       Scroll            |       |    12 ||    12
  Eat: Chunk             |     2 |     3 ||     5
Armor: Robe              |    11 |     6 ||    17
Dodge: Dodged            |    51 |    47 ||    98
Block: Buckler           |     4 |    14 ||    18

Table legend:
 A = Non-vault XP
 B = Vault XP
 C = Vault XP percentage of total XP
 D = Non-vault monster count
 E = Vault monster count
 F = Vault count percentage of total count
                 A         B        C        D         E       F
            +---------+---------+-------+---------+---------+-------
      Total |     318 |     136 |  30.0 |      54 |      14 |  20.6
            +---------+---------+-------+---------+---------+-------
        D:1 |      38 |       0 |   0.0 |      19 |       0 |   0.0
        D:2 |      53 |       0 |   0.0 |      17 |       0 |   0.0
        D:3 |      40 |       0 |   0.0 |      10 |       0 |   0.0
        D:4 |     187 |      13 |   6.5 |       8 |       5 |  38.5
      Sewer |       0 |     123 | 100.0 |       0 |       9 | 100.0
            +---------+---------+-------+---------+---------+-------
